 Dungeon Crawl Stone Soup version 0.21.0-37-g46506fa (webtiles) character file.

92 Qayin the Sneak (level 4, -1/30 HPs)
             Began as a Vampire Enchanter on Jan 30, 2018.
             Slain by Natasha (8 damage)
             ... on level 3 of the Dungeon.
             The game lasted 00:14:34 (2143 turns).

Qayin the Sneak (Vampire Enchanter)                 Turns: 2143, Time: 00:14:35

Health: -1/30      AC:  3    Str:  7    XL:     4   Next: 35%
Magic:  0/7        EV: 13    Int: 18    God:
Gold:   68         SH:  0    Dex: 14    Spells: 4/7 levels left

rFire    . . .     SeeInvis +   i - +2 short sword (freeze)
rCold    + + .     Gourm    .   (no shield)
rNeg     + + +     Faith    .   b - +0 robe
rPois    ∞         Spirit   .   (no helmet)
rElec    .         Reflect  .   (no cloak)
rCorr    .         Harm     .   l - +0 pair of gloves
MR       .....                  (no boots)
Stlth    +++++.....             (no amulet)
HPRegen  0.00/turn              (no ring)
MPRegen  0.10/turn              (no ring)

@: bloodless, non-regenerating
A: fangs 3, see invisible, unbreathing
a: Bat Form


You were on level 3 of the Dungeon.
You were bloodless.

You visited 1 branch of the dungeon, and saw 3 of its levels.

You collected 68 gold pieces.


Innate Abilities, Weirdness & Mutations

You do not heal naturally.
You are immune to poison.
You have razor-sharp teeth.
You have supernaturally acute eyesight. (SInv)
You can survive without breathing.


   Skills:
 - Level 1.1 Short Blades
 + Level 3.2 Dodging
 + Level 5.5 Stealth
 - Level 2.0 Spellcasting
 + Level 5.5 Hexes
 + Level 1.4 Ice Magic


You had 4 spell levels left.
You knew the following spells:

 Your Spells              Type           Power        Failure   Level  Hunger
a - Corona                Hex            ###....      1%          1    #......
b - Ensorcelled Hibernat  Hex/Ice        ##....       7%          2    ###....

Inventory:

Hand Weapons
 a - a +1 dagger
 i - a +2 short sword of freezing (weapon)
 q - a +0 hunting sling
Missiles
 r - 37 sling bullets
Armour
 b - a +0 robe (worn)
 f - a +2 ring mail of cold resistance
 l - a +0 pair of gloves (worn)
Scrolls
 g - 3 scrolls of teleportation {unknown}
 h - a scroll of enchant weapon {unknown}
 k - a scroll of magic mapping {unknown}
 m - 2 scrolls of remove curse {unknown}
 n - a scroll of identify {unknown}
 t - a scroll of fear {unknown}
Potions
 d - 19 potions of blood {@q4}
 e - a potion of might {unknown}
 j - 2 potions of curing {unknown}
 o - a potion of haste {unknown}
 p - a potion of flight {unknown}
 s - a potion of brilliance {unknown}
Books
 c - a book of Maledictions

   Spells                             Type                      Level
   a - Corona                         Hexes                        1
   b - Ensorcelled Hibernation        Hexes/Ice                    2
   c - Confuse                        Hexes                        3
   d - Tukima's Dance                 Hexes                        3
   e - Dazzling Spray                 Conjuration/Hexes            3

Dungeon Overview and Level Annotations

Branches:
Dungeon (3/15)

Altars:

Annotations:
D:1 cleared, exclusion: 2 downstairs
D:2 otherwise cleared, exclusions: orc and 2 orc priests
D:3 Natasha

..# #.# #.# #.# . #.#
#.. ####### ##.#
#...#
#.....###..#####
#....#.....##.....)%#
#.>..h@........♣♣♣..#
#....########.♣# #♣.#
#... #......♣ ♣.# #.#
#.####.♣# #♣.# #
######.####..♣♣♣..#
#.................#
#.#####.#####..####
#........# ##.##
#<##.....###..#


You could see Natasha.


Message History

Aim: Natasha (chance to defeat MR: 45%) Natasha resists with some effort.
Natasha stares at you and mumbles some strange words.
The magic dart hits you!
Aiming: Ensorcelled Hibernation
Aim: Natasha (chance to defeat MR: 45%) Natasha resists with some effort.
Aiming: Corona
Aim: Natasha (chance to defeat MR: 60%) Natasha is outlined in light.
Natasha closely misses you.
You hit Natasha but do no damage. Natasha claws you!
* * * LOW HITPOINT WARNING * * *
You hit Natasha. You freeze Natasha.
Natasha is moderately wounded.
Natasha barely misses you.
You hit Natasha but do no damage.
Natasha is moderately wounded.
Natasha claws you.
* * * LOW HITPOINT WARNING * * *
You barely miss Natasha.
Natasha is moderately wounded.
Natasha claws you.
* * * LOW HITPOINT WARNING * * *
You closely miss Natasha.
Natasha is moderately wounded.
Natasha claws you!
You die...

Action                   |  1- 3 |  4- 6 || total
-------------------------+-------+-------++-------
Melee: Dagger            |    47 |       ||    47
       Bite              |     1 |       ||     1
       Short sword       |    36 |     5 ||    41
 Cast: Corona            |    14 |     1 ||    15
       Ensorcelled Hiber |    32 |     3 ||    35
 Stab: Sleeping          |    26 |       ||    26
       Distracted        |     2 |       ||     2
Armor: Robe              |    15 |       ||    15
Dodge: Dodged            |    61 |     2 ||    63

Vault maps used:
D:1:      eino_arrival_tree_alley, minmay_misc_feat_cross, minivault_4
D:2:      first_ration
D:3:      minmay_stone_trees_small, uniq_natasha, uniq_jessica

Notes
Turn   | Place    | Note
-------+----------+-------------------------------------------
     0 | D:1      | Qayin the Vampire Enchanter began the quest for the Orb.
     0 | D:1      | Reached XP level 1. HP: 13/13 MP: 3/3
   265 | D:1      | Reached XP level 2. HP: 3/19 MP: 3/5
   293 | D:1      | Learned a level 2 spell: Ensorcelled Hibernation
   883 | D:1      | Reached skill level 5 in Stealth
  1243 | D:2      | Reached skill level 5 in Hexes
  1243 | D:2      | Reached XP level 3. HP: 24/24 MP: 3/6
  1647 | D:2      | Reached skill level 3 in Dodging
  1647 | D:2      | Reached skill level 1 in Ice Magic
  2066 | D:3      | Noticed Jessica
  2070 | D:3      | Killed Jessica
  2070 | D:3      | Reached XP level 4. HP: 30/30 MP: 7/7
  2134 | D:3      | Noticed Natasha
  2143 | D:3      | Slain by Natasha

Vanquished Creatures
  Jessica (D:3)
  2 adders
  A leopard gecko (D:2)
  2 giant cockroaches
  5 goblins
  10 hobgoblins
  8 kobolds
  A quokka (D:3)
  A ball python (D:3)
  8 bats
  2 frilled lizards
  3 rats
44 creatures vanquished.
